 Dungeon Crawl Stone Soup version 0.26-a0-812-g31a745ddcd (webtiles) character file.

Game seed: 6164096353948406079

124 kae the Insei (level 5, -5/29 HPs)
             Began as a Tengu Transmuter on Nov 16, 2020.
             Slain by a gnoll
             ... wielding a cursed +0 spear
              (8 damage)
             ... on level 3 of the Dungeon.
             The game lasted 00:02:25 (4068 turns).

kae the Insei (Tengu Transmuter)                    Turns: 4068, Time: 00:02:26

Health: -5/29      AC:  2    Str: 11    XL:     5   Next: 8%
Magic:  8/9        EV: 15    Int: 14    God:
Gold:   112        SH:  0    Dex: 14    Spells: 4/8 levels left

rFire    . . .     SeeInvis .     - Unarmed
rCold    . . .     Faith    .   (no shield)
rNeg     . . .     Spirit   .   a - +0 robe
rPois    .         Reflect  .   (helmet restricted)
rElec    .         Harm     .   (no cloak)
rCorr    .         Rampage  .   (no gloves)
MR       ++...                  (boots unavailable)
Stlth    +.........             (no amulet)
HPRegen  0.09/turn              i - ring of protection from magic
MPRegen  0.11/turn              b - ring of protection from magic

@: flying quickly and evasively, quick
A: beak, talons 3, able to fly
a: Stop Flying


You were on level 3 of the Dungeon.
You visited 1 branch of the dungeon, and saw 3 of its levels.

You collected 112 gold pieces.

Inventory:

Armour
 a - a +0 robe (worn)
Jewellery
 b - a ring of protection from magic (right hand)
 c - an uncursed amulet of faith
 i - a ring of protection from magic (left hand)
 q - an uncursed ring of ice
Wands
 o - a wand of enslavement (9)
Scrolls
 d - 2 scrolls of amnesia
 e - 2 scrolls of identify {unknown}
 j - 2 scrolls of enchant armour {unknown}
 k - a scroll of teleportation {unknown}
 m - a scroll of remove curse
Potions
 f - 3 potions of might {unknown}
 g - 3 potions of curing {unknown}
 h - a potion of flight {unknown}
 l - a potion of degeneration {unknown}
 n - a potion of heal wounds {unknown}
 p - a potion of mutation {unknown}


   Skills:
 - Level 1.0 Fighting
 - Level 2.1 Dodging
 + Level 4.3 Unarmed Combat
 - Level 2.0 Spellcasting
 * Level 3.5 Transmutations


You had 4 spell levels left.
You knew the following spells:

 Your Spells              Type           Power        Failure   Level
a - Beastly Appendage     Tmut           ##....       5%          1
b - Spider Form           Tmut/Pois      #.........   34%         3

Your spell library contained the following spells:

 Spells                   Type           Power        Failure   Level
 Wereblood                Tmut           ##......     9%          2
 Ice Form                 Ice/Tmut       #.......     75%         4
 Blade Hands              Tmut           ##........   83%         5


Dungeon Overview and Level Annotations

Branches:
Dungeon (3/15)

Altars:
Elyvilon
Okawaru
Trog


Innate Abilities, Weirdness & Mutations

You have a beak for a mouth.
You have claws for feet.
You can fly continuously.


Message History

The gnoll hits you with a cursed +0 spear!
You hit the gnoll.
The gnoll is poisoned.
The gnoll is lightly wounded.
The gnoll hits you with a cursed +0 spear!
You are too injured to fight recklessly!
You are too injured to fight recklessly!
You are too injured to fight recklessly!
You are too injured to fight recklessly!
You hit the gnoll but do no damage.
The gnoll is lightly wounded.
Your transformation has ended.
Your +0 robe unmelds from your body.
You hit the gnoll but do no damage.
The gnoll is lightly wounded.
The gnoll closely misses you.
The gnoll hits you from afar with a cursed +0 spear!
* * * LOW HITPOINT WARNING * * *
There is a stone staircase leading up here.
The gnoll hits you from afar with a cursed +0 spear!
You die...

**********,,,,....##
*,,,,,,,,*,***##..#
*,******,*,*#**#..########
*,**,,,,,,,,.,*#..##.....#
**,,,,,,,,#,*#.*#..##.###.#######
,,,,,,,,,,#.*#<##...#...........#
#,,,,,,,,,#.##.#.......##.#####.#
#,,**,***,#.....)...#..##.# #.#
#,,*#.#**,##....@#.##.....# #g#
#,,,.(.,,,*#.#.#.#.###.#### ##g#
#,,,...,,,**,#..g......# #...
,,,*#.#****#.###.#)##### ##.#
****#.# #........## #.# ###
#.#### #####.....## ##*#.# ).#
#.##.## ##.......## ##.##.#
#.###.#...####.........####...#.#
.............'.........'........#


You could see a gnoll (poisoned).

Vanquished Creatures
  3 gnolls (D:3)
  An ooze (D:2)
  4 dart slugs
  4 leopard geckos
  5 orcs
  5 giant cockroaches
  8 goblins
  6 hobgoblins
  2 jackals (D:2)
  9 kobolds
  A quokka (D:3)
  A ball python skeleton (D:2)
  9 bats
  3 frilled lizards
  9 rats
70 creatures vanquished.

Vanquished Creatures (others)
  A bat (D:3)
  A frilled lizard (D:3)
2 creatures vanquished.

Grand Total: 72 creatures vanquished

Notes
Turn   | Place    | Note
-------+----------+-------------------------------------------
     0 | D:1      | kae the Tengu Transmuter began the quest for the Orb.
     0 | D:1      | Reached XP level 1. HP: 12/12 MP: 4/4
   158 | D:1      | Reached XP level 2. HP: 11/16 MP: 4/6
   714 | D:1      | Reached XP level 3. HP: 20/20 MP: 5/7
   769 | D:1      | Learned a level 3 spell: Spider Form
  1552 | D:2      | Found a faded altar of an unknown god.
  1923 | D:2      | Reached skill level 4 in Unarmed Combat
  1923 | D:2      | Reached XP level 4. HP: 21/25 MP: 6/8
  2193 | D:2      | Found an iron altar of Okawaru.
  3376 | D:3      | Found a bloodstained altar of Trog.
  3585 | D:3      | Found a white marble altar of Elyvilon.
  3802 | D:3      | Gained mutation: You can fly continuously. [Tengu growth]
  3802 | D:3      | Reached XP level 5. HP: 19/29 MP: 7/9
  4068 | D:3      | Slain by a gnoll

Illustrated notes

Levels and vault maps discovered:
D:1:      onia_arrival_mini_maze_b, layout_loops_ring, minivault_4,
          minmay_pentomino_p2
D:2:      layout_basic, okawaru_gym_becter, chequers_ecumenical_altar_grove
D:3:      layout_loops_corners, old_standard_altar, elyvilon_altar_4

Skill      XL: |  1  2  3 |
---------------+----------+-----
Transmutations | 2 3 |  3.5
Unarmed Combat | 4 |  4.3
Fighting       | |  1.0
Dodging        | |  2.1
Spellcasting   | |  2.0

Action                   |  1- 3 |  4- 6 || total
-------------------------+-------+-------++-------
Melee: Unarmed           |    83 |    83 ||   166
       Kick              |    14 |    11 ||    25
       Headbutt          |     9 |    10 ||    19
       Peck              |    13 |     8 ||    21
       Punch             |     1 |       ||     1
 Cast: Beastly Appendage |    15 |    17 ||    32
       Spider Form       |       |     3 ||     3
 Abil: Fly               |       |     1 ||     1
  Use: Scroll            |       |     7 ||     7
Armor: Robe              |    14 |     7 ||    21
       Skin              |       |     1 ||     1
Dodge: Dodged            |    48 |    48 ||    96

Table legend: (Time is in decaauts)
 A = Elapsed time spent in this place.
 B = Non-inter-level travel time spent in this place.
 C = Inter-level travel time spent in this place.
 D = Time resting spent in this place.
 E = Time spent auto-exploring this place.
 F = Levels seen in this place.
 G = Mean time per level.
                   A        B        C        D        E       F      G
               +--------+--------+--------+--------+--------+-----+--------+
         Total |   4049 |   3979 |     70 |    547 |   2906 |   3 | 1349.7 |
       Dungeon |   4049 |   3979 |     70 |    547 |   2906 |   3 | 1349.7 |
               +--------+--------+--------+--------+--------+-----+--------+

Top non-repeatable levels by time:
     D:2: 2005 daAuts
     D:1: 1313 daAuts
     D:3: 731 daAuts
